 Dungeon Crawl Stone Soup version 0.25-a0-258-g6d7e32a812 (webtiles) character file.

Game seed: 1875221732149016971, levelgen mode: deterministic

87 Redear the Magician (level 4, -1/30 HPs)
             Began as a Mummy Wizard on Dec 6, 2019.
             Shot with a stone by a goblin (4 damage)
             ... on level 3 of the Dungeon.
             The game lasted 00:11:12 (2355 turns).

Redear the Magician (Mummy Wizard)                  Turns: 2355, Time: 00:11:12

Health: -1/30      AC:  7    Str: 10    XL:     4   Next: 28%
Magic:  5/11       EV: 12    Int: 18    God:
Gold:   92         SH:  0    Dex: 10    Spells: 8/13 levels left

rFire    x . .     SeeInvis .   j - +0 dagger
rCold    + . .     Gourm    .   (no shield)
rNeg     + + +     Faith    .   a - +0 robe
rPois    ∞         Spirit   .   n - +2 helmet
rElec    .         Reflect  .   (no cloak)
rCorr    .         Harm     .   o - +0 pair of gloves
MR       .....                  d - +0 pair of boots
Stlth    ++........             (no amulet)
HPRegen  0.10/turn              (no ring)
MPRegen  0.12/turn              (no ring)

@: no status effects
A: no food or potions, fire vulnerability, cold resistance 1, negative energy
resistance 3, torment resistance, unbreathing
a: no special abilities


You were on level 3 of the Dungeon.
You were not hungry.

You visited 1 branch of the dungeon, and saw 3 of its levels.

You collected 92 gold pieces.

Inventory:

Hand Weapons
 f - a +0 spear
 j - a +0 dagger (weapon)
 r - a +0 whip
Missiles
 g - 96 stones (quivered)
Armour
 a - a +0 robe (worn)
 b - a +0 hat
 d - a +0 pair of boots (worn)
 h - a +0 robe
 n - a +2 helmet (worn)
 o - a +0 pair of gloves (worn)
 q - a +0 shield
Jewellery
 k - an uncursed ring of see invisible {unknown}
 p - an uncursed ring of flight {unknown}
Scrolls
 c - 4 scrolls of identify {unknown}
 e - a scroll of noise {unknown}
 i - 2 scrolls of amnesia {unknown}
 l - a scroll of fear {unknown}
 m - a scroll of teleportation {unknown}


   Skills:
 - Level 1.5 Dodging
 - Level 1.5 Stealth
 + Level 5.3 Spellcasting
 + Level 2.4 Conjurations
 - Level 0.7 Summonings
 - Level 0.7 Translocations


You had 8 spell levels left.
You knew the following spells:

 Your Spells              Type           Power        Failure   Level  Hunger
a - Magic Dart            Conj           ##..         4%          1    N/A
b - Call Imp              Summ           #.......     14%         2    N/A
d - Blink                 Tloc           N/A          14%         2    N/A

Your spell library contained the following spells:

 Spells                   Type           Power        Failure   Level  Hunger
 Slow                     Hex            #.......     19%         2    N/A
 Conjure Flame            Conj/Fire      #.......     24%         3    N/A
 Mephitic Cloud           Conj/Pois/Air  #.......     28%         3    N/A

Dungeon Overview and Level Annotations

Branches:
Dungeon (3/15)

Altars:
Xom


Innate Abilities, Weirdness & Mutations

You do not eat or drink.
Your flesh is vulnerable to fire.
You are immune to poison.
Your flesh is cold resistant. (rC+)
You are immune to negative energy. (rN+++)
You are immune to unholy pain and torment.
You can survive without breathing.


Message History

The goblin wields a +0 hunting sling.
The goblin shoots a stone.
The stone misses your shadow imp. The stone barely misses you.
Your crimson imp blinks!
The goblin shoots a stone.
The stone misses your shadow imp. The stone hits you.
* * * LOW HITPOINT WARNING * * *
You see here a stone.
You take 1 damage, and have 3/30 hp.
The goblin shoots a stone.
The stone closely misses your shadow imp.
The stone misses you.
You see here 2 stones.
Your crimson imp barely misses the goblin.
Casting: Call Imp (safe; 14% risk of failure)
Confirm with . or Enter, or press ? or * to list all spells.
A shadowy apparition takes form in the air.
The goblin shoots a stone.
The stone completely misses your shadow imp.
The stone hits you.
You die...

###### #....#
##.#.##########
#####.#........)..
#................. ###
#.######.#############...
#.#<...........5.##(.$..#
#.####..>.5.((.g..(..#
######.#
#.<@.5.....###..##
##..).#.# #.######.#.#
#(..# #.....'.#
#......#.#.#...#.#
###.....###
######.#.#.#...+...
#.....!.# #.#.#...##.#.
#.####### #.#.#.... .#
#.##### #.#.####. .#
#.....# #.#.# . . #######
#.# .


You could see a goblin, a friendly crimson imp and 2 friendly shadow imps.

Vanquished Creatures
  3 dart slugs
  A leopard gecko (D:3)
  3 giant cockroaches
  5 goblins
  5 hobgoblins
  2 bats
  4 rats
23 creatures vanquished.

Vanquished Creatures (collateral kills)
  A bullfrog (D:3)
  An adder (D:2)
  A worm (D:2)
3 creatures vanquished.

Grand Total: 26 creatures vanquished

Notes
Turn   | Place    | Note
-------+----------+-------------------------------------------
     0 | D:1      | Redear the Mummy Wizard began the quest for the Orb.
     0 | D:1      | Reached XP level 1. HP: 13/13 MP: 5/5
    37 | D:1      | Reached skill level 1 in Conjurations
   580 | D:1      | Reached XP level 2. HP: 12/19 MP: 0/7
  1248 | D:2      | Learned a level 2 spell: Blink
  1251 | D:2      | Learned a level 2 spell: Call Imp
  1369 | D:2      | Found an iron altar of Okawaru.
  1371 | D:2      | Found a glowing golden altar of the Shining One.
  1371 | D:2      | Found a hazy altar of Hepliaklqana.
  1373 | D:2      | Found a snail-covered altar of Cheibriados.
  1373 | D:2      | Found a shimmering altar of Xom.
  1373 | D:2      | Found a burning altar of Makhleb.
  1688 | D:2      | Reached XP level 3. HP: 24/24 MP: 3/9
  2332 | D:3      | Noticed a bullfrog
  2347 | D:3      | Killed a bullfrog
  2347 | D:3      | Reached skill level 5 in Spellcasting
  2347 | D:3      | Reached skill level 2 in Conjurations
  2347 | D:3      | Reached XP level 4. HP: 4/30 MP: 6/11
  2349 | D:3      | HP: 3/30 [goblin/stone (1)]
  2355 | D:3      | Shot with a stone by a goblin

Levels and vault maps discovered:
D:1:      ncdulo_watergridlock, layout_loops_corners
D:2:      layout_loops_ring, doesnt_xom_only_xom, first_ration
D:3:      layout_basic, nicolae_overflow_crystal_walls,
          minmay_shallow_snake_nest, uniq_purgy

Skill      XL: |  1  2  3 |
---------------+----------+-----
Conjurations   | 1 2 |  2.4
Spellcasting   | 5 |  5.3
Dodging        | |  1.5
Stealth        | |  1.5
Summonings     | |  0.7
Translocations | |  0.7

Action                   |  1- 3 |  4- 6 || total
-------------------------+-------+-------++-------
Melee: Dagger            |    46 |       ||    46
       Unarmed           |     4 |       ||     4
 Cast: Magic Dart        |    52 |       ||    52
       Call Imp          |     8 |     1 ||     9
 Stab: Sleeping          |     1 |       ||     1
Armor: Robe              |    14 |       ||    14
Dodge: Dodged            |    41 |     2 ||    43

Table legend:
 A = Non-vault XP
 B = Vault XP
 C = Vault XP percentage of total XP
 D = Non-vault monster count
 E = Vault monster count
 F = Vault count percentage of total count
                 A         B        C        D         E       F
            +---------+---------+-------+---------+---------+-------
      Total |     125 |       0 |   0.0 |      26 |       0 |   0.0
            +---------+---------+-------+---------+---------+-------
        D:1 |      26 |       0 |   0.0 |      12 |       0 |   0.0
        D:2 |      21 |       0 |   0.0 |       9 |       0 |   0.0
        D:3 |      78 |       0 |   0.0 |       5 |       0 |   0.0
            +---------+---------+-------+---------+---------+-------
